Map: Incorporeal LE

Players

ManlyManMeat - Winner!

  • Race: Zerg Zerg
  • League: Diamond
  • Spawn Location: 5:00

ARKATIZ

  • Race: Terran Terran
  • League: Master
  • Spawn Location: 11:00

VOD

Have the link to the VOD?

Description

Time

  • Played on: July 1, 2025, 4:33 a.m.
  • Length: 7:42
Show
View Real Time Build Order
Export as new Build Order

ManlyManMeat Zerg - Winner!

Build Orders: Hatch First 

Get SALT Encoding   

  12  0:00  Drone  
  13  0:08  Drone  
  14  0:16  Drone, Extractor  
  15  0:21  Overlord  
  15  0:40  Drone  
  16  0:46  Hatchery  
  15  0:54  Drone x2  
  17  0:57  Drone  
  18  1:08  Extractor  
  17  1:14  Spawning Pool  
  17  1:17  Drone  
  17  1:20  Drone  
  18  1:32  Drone  
  19  1:38  Drone  
  20  2:00  Queen  
  20  2:01  Queen  
  22  2:02  Zergling x4  
  22  2:05  Overlord  
  26  2:10  Metabolic Boost  
  26  2:14  Drone  
  27  2:16  Drone  
  28  2:29  Zergling x4  
  30  2:36  Overlord, Queen  
  32  2:52  Drone x3, Roach Warren  
  34  3:07  Drone  
  34  3:08  Drone x3  
  34  3:12  Queen  
  40  3:38  Zergling x8  
  43  3:42  Overlord  
  43  3:43  Overlord  
  42  3:49  Extractor  
  41  3:57  Zergling x8  
  44  4:09  Roach  
  49  4:10  Roach x4  
  53  4:20  Roach  
  55  4:27  Roach  
  57  4:57  Roach  
  57  4:58  Overlord  
  57  4:59  Overlord x3  
  57  5:20  Drone x5  
  62  5:21  Roach  
  62  5:22  Roach x3  
  70  5:34  Roach x2  
  70  5:35  Roach x2  
  78  5:39  Lair  
  78  5:40  Evolution Chamber x2  
  78  5:42  Drone x2, Extractor  
  77  5:56  Hatchery  
  60  6:10  Zergling x10  
  60  6:11  Zergling x4  
  61  6:27  Zergling x2, Roach x3  
  68  6:40  Roach x2  
  70  6:55  Roach  
  70  6:56  Roach x4  
  80  7:13  Roach x2  
  80  7:14  Roach x3  
  88  7:21  Drone x2  
  88  7:22  Drone x2  
Show
View Real Time Build Order
Export as new Build Order

ARKATIZ Terran 

Build Orders:  

Get SALT Encoding   

  12  0:00  SCV  
  13  0:12  SCV  
  14  0:17  Supply Depot  
  14  0:24  SCV  
  15  0:38  SCV  
  15  0:40  Barracks  
  16  0:43  Refinery  
  16  0:50  SCV  
  17  1:03  SCV  
  18  1:15  SCV  
  19  1:20  Barracks  
  19  1:27  Refinery  
  19  1:29  Supply Depot  
  19  1:31  SCV  
  20  1:40  Barracks Tech Lab  
  20  1:43  SCV  
  21  1:56  SCV  
  22  2:07  Stimpack  
  22  2:08  Marine  
  23  2:09  Orbital Command  
  23  2:16  Barracks  
  23  2:20  Barracks Reactor  
  23  2:25  Marine  
  24  2:35  SCV  
  25  2:40  Supply Depot  
  25  2:52  Marine  
  25  2:53  SCV  
  25  2:57  Marine x2  
  29  3:05  Supply Depot  
  29  3:07  SCV  
  29  3:09  Marine  
  31  3:14  Barracks Reactor, Barracks  
  31  3:25  Marine x2  
  33  3:27  Marine  
  33  3:45  Supply Depot  
  30  3:50  Marine x2  
  30  3:59  Marine, Combat Shield  
  30  4:01  Marine x2  
  31  4:06  Barracks Reactor  
  31  4:09  Marine x2  
  32  4:17  Marine, Barracks  
  32  4:19  Marine x2  
  35  4:27  Marine x2  
  37  4:32  SCV  
  37  4:37  Command Center  
  38  4:40  Marine x2  
  38  4:45  Marine x2  
  37  4:55  Marauder  
  38  5:02  Marine x2  
  38  5:03  Marine x4  
  44  5:10  Barracks Tech Lab  
  44  5:11  SCV  
  45  5:22  Marine  
  45  5:23  Marine  
  45  5:24  Supply Depot  
  45  5:27  SCV  
  48  5:30  Marine  
  48  5:31  Marine  
  48  5:32  Marine  
  51  5:40  Marine  
  51  5:41  Marine  
  51  5:42  Marine  
  54  5:50  Marine, SCV  
  54  5:53  Orbital Command  
  41  6:10  Marine x5  
  39  6:11  Marine  
  39  6:13  Marauder x2  
  44  6:18  SCV  
  44  6:19  SCV  
  46  6:28  Marine  
  46  6:29  Marine x5  
  52  6:35  Marauder  
  52  6:36  Marauder  
  56  6:42  SCV x2  
  56  6:52  Marine x5  
  56  6:53  Marine  
  60  6:57  Marauder x2  
  60  6:58  SCV  
  60  6:59  SCV  
  57  7:16  Marine x3  
  57  7:17  Marine x3  
Tags
 
Add a new tag
Caveats
  • Supply blocks, unpowered buildings, or Contaminate may cause inaccurate times.
  • Supply counts are checked every 10 seconds.